AoeStats
← Toutah

Arena

510299982Analyzed
2v2 RM · 1d ago on Sep 30, 2026· 27m 2s· 4 players
Game mode
Random Map
Map size
Medium (4 player)
Population
200
Speed
Normal
Resources
Standard
Victory
Conquest
Starting age
Dark Age
Ending age
Imperial Age
RankedLock teamsTeams togetherTeam positionsShared explorationLock speedFull tech treeHidden civsTurbo modeCheats
Victory
Defeat
🇯🇴 Vikings · Jordan
1000
+45
🇲🇾 Koreans · Malaysia
982
+15
🇳🇿 Khmer · New Zealand
978
-15
🇦🇺 Mapuche · Australia
978
-15
Chippindall
5:40 Loom
12:25 Feudal Age
17:04 Castle Age
14:52 Horse Collar
16:29 Fletching
16:40 Padded Archer Armor
16:29 Double-Bit Axe
16:35 Gold Mining
24:26 Bodkin Arrow
24:46 Leather Archer Armor
25:10 Wheelbarrow
ARCHI_Trent
10:47 Feudal Age
11:15 Horse Collar
11:24 Double-Bit Axe
14:17 Gold Mining
19:49 Castle Age
20:14 Forging
20:10 Scale Barding Armor
20:33 Bloodlines
20:38 Loom
Toutah
17:48 Loom
说中文
0:39 Loom
11:38 Feudal Age
15:56 Castle Age
14:11 Double-Bit Axe
14:50 Horse Collar
15:43 Gold Mining
26:41 Bow Saw
Connection lost

Rejoining the realm…

Still unreachable

The connection could not be restored.

Session expired

The server has moved on; the page needs a fresh start.